 Dungeon Sprint DCSS version 0.22-a0-429-g97ce8ef (webtiles) character file.

14 ForestKing the Insei (level 2, -4/22 HPs)
             Began as a Demigod Transmuter on May 25, 2018.
             Slain by a scorpion (6 damage)
             ... in the Dungeon (Sprint IX: "|||||||||||||||||||||||||||||").
             The game lasted 00:00:37 (158 turns).

ForestKing the Insei (Demigod Transmuter)            Turns: 158, Time: 00:00:38

Health: -4/22      AC:  2    Str: 13    XL:     2   Next: 15%
Magic:  7/8        EV: 13    Int: 17    God:
Gold:   0          SH:  0    Dex: 16    Spells: 5/6 levels left

rFire    . . .     SeeInvis .     - Unarmed
rCold    . . .     Gourm    .   (no shield)
rNeg     . . .     Faith    .   b - +0 robe
rPois    .         Spirit   .   (no helmet)
rElec    .         Reflect  .   (no cloak)
rCorr    .         Harm     .   (no gloves)
MR       .....     NoTele   +   (no boots)
Stlth    +.........             (no amulet)
HPRegen  0.07/turn              (no ring)
MPRegen  0.11/turn              (no ring)

@: lethally poisoned (-4 -> -17), appendage
A: horns 2, high mp 1
a: End Transformation


You were in the Dungeon.
You were not hungry.
You had grown temporary horns.
You visited 1 branch

Inventory:

Missiles
 a - 12 arrows
Armour
 b - a +0 robe (worn)
Scrolls
 j - a scroll of blinking
Potions
 e - a potion of curing
 f - a potion of heal wounds
 g - a potion of haste
 h - 2 potions of magic
 i - a potion of berserk rage
Comestibles
 c - 7 chunks of flesh
 d - a ration


   Skills:
 + Level 0.8 Fighting
 + Level 2.3 Dodging
 + Level 4.0 Unarmed Combat
 + Level 2.5 Spellcasting
 + Level 2.3 Transmutations


You had 5 spell levels left.
You knew the following spells:

 Your Spells              Type           Power        Failure   Level  Hunger
a - Beastly Appendage     Tmut           ##....       7%          1    #......

Your spell library contained the following spells:

 Spells                   Type           Power        Failure   Level  Hunger
 Spider Form              Tmut/Pois      #.........   34%         3    ###....
 Blade Hands              Tmut           ##........   89%         5    ######.
 Ice Form                 Ice/Tmut       #.......     75%         4    #####..
 Sticks to Snakes         Tmut           ##......     11%         2    ##.....


Dungeon Overview and Level Annotations

Branches:
Dungeon (1/1)


Innate Abilities, Weirdness & Mutations

You have an increased reservoir of magic. (+10% MP)
You have a pair of horns on your head.


Message History

The howler monkey hoots and howls with incredible vigour!
You closely miss the scorpion.
The scorpion is lightly wounded.
The scorpion closely misses you.
You hit the scorpion but do no damage. Your headbutt misses the scorpion.
The scorpion is lightly wounded.
The scorpion stings you!
* * * LOW HITPOINT WARNING * * *
You are lethally poisoned!
The scorpion poisons you!
You hit the scorpion. You headbutt the scorpion!
The scorpion is severely wounded.
* * * LOW HITPOINT WARNING * * *
You feel sick. The scorpion stings you.
* * * LOW HITPOINT WARNING * * *
You hit the scorpion but do no damage.
The scorpion is severely wounded.
* * * LOW HITPOINT WARNING * * *
You feel sick. The scorpion stings you.
You die...

▓÷▓
▓)▓
▓.▓
▓)▓
▓.▓
▓.▓
▓.▓
▓.▓
▓@▓
▓s▓
▓w▓
▓5▓
▓h▓
▓a▓
▓.▓
▓+▓


You could see a scorpion, a howler monkey, a worker ant, a crimson imp and a
dart slug.

Vanquished Creatures
  A gnoll (D)
  2 goblins (D)
  A hobgoblin (D)
  A rat (D)
5 creatures vanquished.

Vanquished Creatures (others)
  A spatial maelstrom (D)
1 creature vanquished.

Grand Total: 6 creatures vanquished

Notes
Turn   | Place    | Note
-------+----------+-------------------------------------------
     0 | D        | ForestKing the Demigod Transmuter began the quest for the Orb.
     0 | D        | Reached XP level 1. HP: 15/15 MP: 5/5
     5 | D        | Banished a spatial maelstrom
     6 | D        | Reached skill level 3 in Unarmed Combat
    17 | D        | Reached XP level 2. HP: 12/22 MP: 5/8
    18 | D        | Reached skill level 4 in Unarmed Combat
   149 | D        | Noticed a scorpion
   149 | D        | Noticed a howler monkey
   158 | D        | Slain by a scorpion

Vault maps used:
D:        linesprint

Skill      XL: |  1  2 |
---------------+-------+-----
Unarmed Combat | 3 4 |  4.0
Spellcasting   | 2 |  2.5
Dodging        | 2 |  2.3
Transmutations | 2 |  2.3
Fighting       | |  0.8

Action                   || total
-------------------------++-------
Melee: Unarmed           ||    19
       Kick              ||     3
       Punch             ||     1
       Headbutt          ||     2
 Cast: Beastly Appendage ||     2
Dodge: Dodged            ||    10

Table legend:
 A = Spawn XP
 B = Non-spawn XP
 C = Spawn XP percentage of total XP
 D = Spawn monster count
 E = Non-spawn monster count
 F = Spawn count percentage of total count
 G = Total turns spent on level
                    A         B        C        D         E        F      G
               +---------+---------+-------+---------+---------+-------+---------
         Total |       0 |      20 |   0.0 |       0 |       5 |   0.0 |   158
               +---------+---------+-------+---------+---------+-------+---------
             D |       0 |      20 |   0.0 |       0 |       5 |   0.0 |   158
               +---------+---------+-------+---------+---------+-------+---------
